 Dungeon Crawl Stone Soup version 0.28.0-43-g3370ac3207 (webtiles) character file.

Game seed: 874457218432251750

259 silky the Cudgeller (level 5, -1/48 HPs)
             Began as a Minotaur Chaos Knight on Mar 30, 2022.
             Was a Plaything of Xom.
             Killed by divine providence
             ... invoked by an orc priest
              (12 damage)
             ... on level 4 of the Dungeon.
             The game lasted 00:06:27 (2583 turns).

silky the Cudgeller (Minotaur Chaos Knight)         Turns: 2583, Time: 00:06:29

Health: -1/48      AC:  5    Str: 19    XL:     5   Next: 95%
Magic:  3/3        EV: 11    Int:  9    God:    Xom [...*..]
Gold:   77         SH:  0    Dex:  9    Spells: 4/4 levels left

rFire   . . .      SeeInvis .   a - +1 mace (chaos)
rCold   . . .      Faith    .   (no shield)
rNeg    . . .      Spirit   .   i - +0 ring mail
rPois   .          Reflect  .   (helmet restricted)
rElec   .          Harm     .   (no cloak)
rCorr   .          Rampage  .   (no gloves)
Will    .....                   (no boots)
Stlth   +.........              (no amulet)
HPRegen 0.16/turn               (no ring)
MPRegen 0.08/turn               (no ring)

@: lethally poisoned (-1 -> -4), unable to read
A: horns 2, retaliatory headbutt, low MP 1, inability to read while threatened
a: Renounce Religion


You were on level 4 of the Dungeon.
You worshipped Xom.
You were a favourite toy of Xom.
You visited 1 branch of the dungeon, and saw 4 of its levels.

You collected 77 gold pieces.

Inventory:

Hand Weapons
 a - a +1 mace of chaos (weapon)
Armour
 b - a +2 leather armour
 i - a +0 ring mail (worn)
Scrolls
 c - 2 scrolls of fear
 e - a scroll of blinking
 f - 2 scrolls of amnesia
 h - 3 scrolls of teleportation
 k - 3 scrolls of torment {unknown}
Potions
 d - 2 potions of attraction {unknown}
 g - a potion of heal wounds {unknown}
 j - a potion of brilliance {unknown}


   Skills:
 + Level 5.0 Fighting
 + Level 5.9 Maces & Flails
 + Level 3.7 Armour
 + Level 2.6 Dodging
 + Level 0.4 Stealth


You had 4 spell levels left.
You didn't know any spells.
Your spell library contained the following spells:

 Spells                   Type           Power      Damage    Failure   Level
 Sandblast                Erth           0%         2d4       56%         1
 Passwall                 Tmut/Erth      0%         N/A       71%         2
 Inner Flame              Hex/Fire       0%         N/A       90%         3
 Stone Arrow              Conj/Erth      0%         3d7       90%         3
 Cause Fear               Hex            0%         N/A       100%        4
 Discord                  Hex            0%         N/A       100%        8


Dungeon Overview and Level Annotations

Branches:
Dungeon (4/15)
 Temple: D:4-7

Altars:


Innate Abilities, Weirdness & Mutations

You have a pair of horns on your head.
You reflexively headbutt those who attack you in melee.
Your magical capacity is low. (-10% MP)
You sometimes lose the ability to read scrolls when taking damage.


Message History

You kill the orc!
The orc barely misses you.
You barely miss the orc wizard. Your headbutt misses the orc wizard.
The orc barely misses you. The orc wizard barely misses you.
The orc barely misses you.
You barely miss the orc wizard. The orc closely misses you.
The orc wizard hits you but does no damage.
The orc hits you from afar with a +0 trident.
The orc completely misses you.
You closely miss the orc wizard.
You can read scrolls again.
The orc wizard hits you with a +0 dagger.
The orc hits you from afar with a +0 trident.
The orc barely misses you.
You hit the orc wizard.
You feel better.
The orc wizard is moderately wounded.
The orc wizard barely misses you.
The orc hits you from afar with a +0 trident.
You feel threatened and lose the ability to read scrolls!
The orc barely misses you.
The orc priest looks braver for a moment.
You sock the orc wizard! You freeze the orc wizard.
You kill the orc wizard!
The orc hits you from afar with a +0 trident.
The orc hits you from afar with a +1 trident of venom.
You are poisoned.
You feel sick. The orc hits you but does no damage. The orc misses you.
Items here: )) [ ††.
You hit the orc.
The orc is heavily wounded.
You feel sick. The orc hits you but does no damage. The orc closely misses you.
You sock the orc!
You kill the orc!
You feel sick.
The orc hits you with a +1 trident of venom.
* * * LOW HITPOINT WARNING * * *
The orc priest calls down the wrath of Beogh upon you.
Beogh smites you!
You die...
Xom giggles madly!

##### #...#
#...# #o..#
### #)o.#
..##### #@#
......#
##.#####
......#
#......#
..#####
#......#
+##....
#......# #
........
#..###'# .#
.......#
#..##..##..#
.......#
....#.......#
.......#
.....+...##..#


You could see an orc priest and an orc.

Vanquished Creatures
  A necrophage (D:3)
  Terence (D:2)
  An orc wizard (D:4)
  4 adders
  2 worms
  A dart slug (D:2)
  7 orcs
  3 endoplasms
  6 hobgoblins
  11 jackals
  4 quokkas
  9 ball pythons
  4 bats (D:1)
  A frilled lizard (D:1)
  9 goblins
  6 kobolds
  2 rats
72 creatures vanquished.

Notes
Turn   | Place    | Note
-------+----------+-------------------------------------------
     0 | D:1      | silky the Minotaur Chaos Knight began the quest for the
                  | Orb.
     0 | D:1      | Reached XP level 1. HP: 19/19 MP: 0/0
   182 | D:1      | Reached XP level 2. HP: 13/27 MP: 1/1
   416 | D:1      | XOM: silly message
   749 | D:2      | Gained mutation: Your spells are a little harder to cast,
                  | but a little more powerful. [potion of mutation]
   749 | D:2      | Gained mutation: You have sharp fingernails. [potion of
                  | mutation]
   777 | D:2      | Reached XP level 3. HP: 34/34 MP: 2/2
   788 | D:2      | XOM: silly message
   841 | D:2      | Noticed Terence
   856 | D:2      | Killed Terence
   857 | D:2      | Reached XP level 4. HP: 36/41 MP: 3/3
   983 | D:2      | Found a faded altar of an unknown god.
  1431 | D:3      | Reached skill level 5 in Maces & Flails
  2024 | D:3      | Noticed a necrophage
  2034 | D:3      | XOM: silly message
  2037 | D:3      | Killed a necrophage
  2038 | D:3      | Reached skill level 5 in Fighting
  2038 | D:3      | Reached XP level 5. HP: 40/48 MP: 4/4
  2075 | D:3      | XOM: silly message
  2292 | D:3      | XOM: divination: detect creatures
  2367 | D:3      | Lost mutation: Your spells are a little harder to cast, but
                  | a little more powerful. [potion of mutation]
  2367 | D:3      | Lost mutation: You have sharp fingernails. [potion of
                  | mutation]
  2367 | D:3      | Gained mutation: You sometimes lose the ability to read
                  | scrolls when taking damage. [potion of mutation]
  2367 | D:3      | Gained mutation: Your magical capacity is low. (-10% MP)
                  | [potion of mutation]
  2457 | D:4      | Noticed a shapeshifter
  2457 | D:4      | an adder changed into a shapeshifter
  2457 | D:4      | XOM: polymorph adder -> shapeshifter
  2457 | D:4      | Noticed a salamander
  2457 | D:4      | a shapeshifter changed into a salamander
  2467 | D:4      | Noticed a dream sheep
  2467 | D:4      | a salamander changed into a dream sheep
  2583 | D:4      | Killed from afar by an orc priest

Illustrated notes

Levels and vault maps discovered:
D:1:      minmay_arrival_open_corners, layout_loops_cross
D:2:      layout_rooms, shapermc_ecumenical_altar_starsandcircs, kennysheep_nub,
          st_stairs_2, uniq_terence
D:3:      layout_basic, minivault_25
D:4:      layout_gridville, uniq_sigmund, uniq_pikel

Skill      XL: |  1  2  3  4 |
---------------+-------------+-----
Fighting       | 4 5 |  5.0
Maces & Flails | 4 5 |  5.9
Dodging        | 2 |  2.6
Armour         | 3 |  3.7
Stealth        | |  0.4

Action                   |  1- 3 |  4- 6 || total
-------------------------+-------+-------++-------
Melee: Mace              |    67 |    72 ||   139
       Headbutt          |     6 |     9 ||    15
       Punch             |       |     1 ||     1
  Use: Scroll            |     3 |     4 ||     7
       Potion            |     2 |     1 ||     3
 Stab: Paralysed         |     1 |       ||     1
Armor: Leather armour    |    41 |     5 ||    46
       Ring mail         |       |    15 ||    15
Dodge: Dodged            |    66 |    59 ||   125
